 Dungeon Crawl Stone Soup version 0.22.0-75-g3901e7991e (webtiles) character file.

532 JedernureinKreuz the Conjurer (level 7, -7/51 HPs)
             Began as a Gnoll Conjurer on Sept 11, 2018.
             Killed by nerve-wracking pain
             ... invoked by Grinder
              (12 damage)
             ... while paralysed by Grinder
             ... on level 4 of the Dungeon.
             The game lasted 00:17:24 (3345 turns).

JedernureinKreuz the Conjurer (Gnoll Conjurer)      Turns: 3345, Time: 00:17:24

Health: -7/51      AC:  4    Str: 10    XL:     7   Next: 24%
Magic:  2/15       EV:  2    Int: 19    God:
Gold:   168        SH:  0    Dex: 20    Spells: 9/17 levels left

rFire    . . .     SeeInvis .   b - +0 war axe (vamp)
rCold    + . .     Gourm    .   (no shield)
rNeg     . . .     Faith    .   m - +0 robe
rPois    .         Spirit   .   (no helmet)
rElec    .         Reflect  +   q - scarf {repulsion}
rCorr    .         Harm     .   h - +1 pair of gloves
MR       .....                  (no boots)
Stlth    +++.......             t - +3 amulet of reflection
HPRegen  0.17/turn              s - ring of protection from cold
MPRegen  0.14/turn              B - +4 ring of dexterity

@: paralysed, repel missiles
A: distributed training, fangs 1, strong nose
a: no special abilities


You were on level 4 of the Dungeon.
You were not hungry.

You visited 1 branch of the dungeon, and saw 4 of its levels.

You collected 168 gold pieces.

Inventory:

Hand Weapons
 a - a +1 short sword
 b - a +0 vampiric war axe (weapon)
Missiles
 j - 146 stones (quivered)
 v - 19 sling bullets
 z - 26 arrows
 A - 16 poisoned needles
Armour
 h - a +1 pair of gloves (worn)
 m - a +0 robe (worn)
 q - a scarf of repulsion (worn)
 y - a scarf of cloud immunity
Jewellery
 s - a ring of protection from cold (left hand)
 t - a +3 amulet of reflection (around neck)
 B - a +4 ring of dexterity (right hand)
Wands
 r - a wand of iceblast (9)
Scrolls
 d - a scroll of enchant weapon
 e - a scroll of amnesia
 f - 2 scrolls of identify
 l - 2 scrolls of fog
 w - a scroll of fear {unknown}
 x - 3 scrolls of remove curse
Potions
 g - 3 potions of heal wounds
 i - 2 potions of lignification
 k - 2 potions of curing
 n - 3 potions of ambrosia
 o - a potion of brilliance
 p - a potion of mutation
 u - a potion of might
 C - a potion of agility
Comestibles
 c - 9 rations


   Skills:
 + Level 2.3 Fighting
 + Level 2.3 Short Blades
 + Level 2.3 Long Blades
 + Level 2.3 Axes
 + Level 2.3 Maces & Flails
 + Level 2.3 Polearms
 + Level 2.3 Staves
 + Level 2.3 Slings
 + Level 2.3 Bows
 + Level 2.3 Crossbows
 + Level 2.3 Throwing
 + Level 2.3 Armour
 + Level 5.1 Dodging
 + Level 4.8 Stealth
 + Level 2.3 Shields
 + Level 2.3 Unarmed Combat
 + Level 5.5 Spellcasting
 + Level 7.4 Conjurations
 + Level 1.9 Hexes
 + Level 1.9 Charms
 + Level 1.9 Summonings
 + Level 1.9 Necromancy
 + Level 1.9 Translocations
 + Level 1.9 Transmutations
 + Level 1.9 Fire Magic
 + Level 1.9 Ice Magic
 + Level 1.9 Air Magic
 + Level 1.9 Earth Magic
 + Level 1.9 Poison Magic
 + Level 2.5 Invocations
 + Level 2.3 Evocations


You had 9 spell levels left.
You knew the following spells:

 Your Spells              Type           Power        Failure   Level  Hunger
a - Magic Dart            Conj           ####         1%          1    None
b - Iskenderun's Mystic   Conj           ####....     5%          4    ####...
c - Dazzling Spray        Conj/Hex       ###...       5%          3    ##.....

Your spell library contained the following spells:

 Spells                   Type           Power        Failure   Level  Hunger
 Searing Ray              Conj           ####..       1%          2    None
 Force Lance              Conj/Tloc      ###.....     17%         4    ####...
 Fulminant Prism          Conj/Hex       ###.......   17%         4    ####...


Dungeon Overview and Level Annotations

Branches:
Dungeon (4/15)
 Temple: D:4-7

Altars:
Fedhas
Gozag
Nemelex Xobeh
Okawaru
Ru
Wu Jian

Annotations:
D:4 Grinder


Innate Abilities, Weirdness & Mutations

Your experience applies equally to all skills.
You have very sharp teeth.
Your uncanny sense of smell can sniff out nearby items.


Message History

You hit Grinder. Your bite misses Grinder.
Grinder is heavily wounded.
Grinder hits you.
* * * LOW HITPOINT WARNING * * *
You writhe in agony.
* * * LOW HITPOINT WARNING * * *
Grinder misses you.
Casting: Dazzling Spray (safe; 5% risk of failure)
Confirm with . or Enter, or press ? or * to list all spells.
Aiming: Dazzling Spray (safe; 5% risk of failure)
Press: ? - help, Shift-Dir - straight line, f/p - Grinder
Aim: Grinder (heavily wounded)
The spray of energy hits Grinder.
Grinder is heavily wounded.
Grinder misses you. Grinder gestures at you.
You suddenly lose the ability to move!
Grinder gestures at you. Pain shoots through your body!
You die...

#.#...####.###.#.#
#..........###.#.#
###............#.#
.
##.#.###########.#
.#
##.###.......<[[..#
...
....#.##########5.#
.... ###...#
#..######.....
#...#
#...[[[...)...
#).##
#@###$.......o #[.#
#.#...#..ยง..".
###..######
#.#.#...##....
..)........
#.#.#...# ...
####.######
#<......" .# #.#
###.#...## #.#
.##.## #.# # .# .#


You could see Grinder.

Vanquished Creatures
  Menkaure (D:3)
  A phantom (D:4)
  4 orc wizards
  Natasha (thrice) (D:3)
  2 adders (D:2)
  4 oozes
  A worm (D:2)
  2 dart slugs
  4 leopard geckos
  14 orcs
  A ball python (D:1)
  2 giant cockroaches
  8 goblins
  6 hobgoblins
  7 jackals
  A quokka (D:3)
  9 bats
  3 frilled lizards
  6 kobolds
  6 rats
85 creatures vanquished.

Notes
Turn   | Place    | Note
-------+----------+-------------------------------------------
     0 | D:1      | JedernureinKreuz the Gnoll Conjurer began the quest for the
                  | Orb.
     0 | D:1      | Reached XP level 1. HP: 13/13 MP: 6/6
   132 | D:1      | Reached XP level 2. HP: 20/20 MP: 0/7
   737 | D:2      | Reached XP level 3. HP: 25/25 MP: 6/9
   828 | D:2      | Found an iron altar of Okawaru.
   860 | D:2      | Reached skill level 5 in Spellcasting
   890 | D:2      | Reached skill level 1 in Invocations
   955 | D:2      | Reached skill level 1 in Fighting
   955 | D:2      | Reached skill level 1 in Short Blades
   955 | D:2      | Reached skill level 1 in Long Blades
   955 | D:2      | Reached skill level 1 in Axes
   955 | D:2      | Reached skill level 1 in Maces & Flails
   955 | D:2      | Reached skill level 1 in Polearms
   955 | D:2      | Reached skill level 1 in Staves
   955 | D:2      | Reached skill level 1 in Slings
   955 | D:2      | Reached skill level 1 in Bows
   955 | D:2      | Reached skill level 1 in Crossbows
   955 | D:2      | Reached skill level 1 in Throwing
   955 | D:2      | Reached skill level 1 in Armour
   955 | D:2      | Reached skill level 1 in Shields
   955 | D:2      | Reached skill level 1 in Unarmed Combat
   955 | D:2      | Reached skill level 1 in Evocations
   992 | D:2      | Reached XP level 4. HP: 32/32 MP: 6/11
  1632 | D:3      | Found a blossoming altar of Fedhas.
  1647 | D:3      | Found a sacrificial altar of Ru.
  1754 | D:3      | Reached skill level 1 in Hexes
  1754 | D:3      | Reached skill level 1 in Charms
  1754 | D:3      | Reached skill level 1 in Summonings
  1754 | D:3      | Reached skill level 1 in Necromancy
  1754 | D:3      | Reached skill level 1 in Translocations
  1754 | D:3      | Reached skill level 1 in Transmutations
  1754 | D:3      | Reached skill level 1 in Fire Magic
  1754 | D:3      | Reached skill level 1 in Ice Magic
  1754 | D:3      | Reached skill level 1 in Air Magic
  1754 | D:3      | Reached skill level 1 in Earth Magic
  1754 | D:3      | Reached skill level 1 in Poison Magic
  1754 | D:3      | Reached XP level 5. HP: 31/37 MP: 5/12
  1810 | D:3      | Found an ornate altar of the Wu Jian Council.
  1836 | D:3      | Found an opulent altar of Gozag.
  1877 | D:3      | Noticed Natasha
  1884 | D:3      | Killed Natasha
  1945 | D:3      | Found a sparkling altar of Nemelex Xobeh.
  2260 | D:3      | Noticed Natasha
  2263 | D:3      | Killed Natasha
  2484 | D:4      | Reached XP level 6. HP: 44/44 MP: 9/13
  2604 | D:4      | Noticed a phantom
  2639 | D:4      | Killed a phantom
  2639 | D:4      | Reached skill level 5 in Dodging
  2677 | D:4      | Learned a level 4 spell: Iskenderun's Mystic Blast
  2681 | D:4      | Learned a level 3 spell: Dazzling Spray
  2689 | D:4      | Noticed Grinder
  2698 | D:4      | Noticed Menkaure
  2781 | D:3      | Noticed Natasha
  2785 | D:3      | Killed Natasha
  3308 | D:3      | Killed Menkaure
  3308 | D:3      | Reached XP level 7. HP: 46/51 MP: 2/15
  3331 | D:4      | Paralysed by Grinder for 6 turns
  3344 | D:4      | Paralysed by Grinder for 6 turns
  3345 | D:4      | Killed from afar by Grinder

Skill      XL: |  1  2  3  4  5  6 |
---------------+-------------------+-----
Spellcasting   | 5 |  5.5
Invocations    | 1 2 |  2.5
Fighting       | 1 2 |  2.3
Short Blades   | 1 2 |  2.3
Long Blades    | 1 2 |  2.3
Axes           | 1 2 |  2.3
Maces & Flails | 1 2 |  2.3
Polearms       | 1 2 |  2.3
Staves         | 1 2 |  2.3
Slings         | 1 2 |  2.3
Bows           | 1 2 |  2.3
Crossbows      | 1 2 |  2.3
Throwing       | 1 2 |  2.3
Armour         | 1 2 |  2.3
Shields        | 1 2 |  2.3
Unarmed Combat | 1 2 |  2.3
Evocations     | 1 2 |  2.3
Hexes          | 1 |  1.9
Charms         | 1 |  1.9
Summonings     | 1 |  1.9
Necromancy     | 1 |  1.9
Translocations | 1 |  1.9
Transmutations | 1 |  1.9
Fire Magic     | 1 |  1.9
Ice Magic      | 1 |  1.9
Air Magic      | 1 |  1.9
Earth Magic    | 1 |  1.9
Poison Magic   | 1 |  1.9
Dodging        | 5 |  5.1
Stealth        | |  4.8
Conjurations   | |  7.4

Action                   |  1- 3 |  4- 6 |  7- 9 || total
-------------------------+-------+-------+-------++-------
Melee: Short sword       |     3 |    32 |       ||    35
       Punch             |       |     1 |       ||     1
       War axe           |       |    36 |     4 ||    40
       Bite              |       |     8 |       ||     8
 Cast: Magic Dart        |    53 |   102 |       ||   155
       Iskenderun's Myst |       |     6 |       ||     6
       Dazzling Spray    |       |     5 |     3 ||     8
  Use: Scroll            |       |    12 |       ||    12
       Potion            |       |     1 |       ||     1
 Stab: Sleeping          |       |     2 |       ||     2
  Eat: Chunk             |       |     5 |       ||     5
       Ration            |       |     2 |     1 ||     3
Armor: Robe              |       |    13 |     1 ||    14
Dodge: Dodged            |     4 |    59 |     3 ||    66
       Deflected         |       |     1 |       ||     1
Block: Other             |       |     2 |       ||     2
